Map: Thunderbird LE

Players

Special - Winner!

  • Race: Terran Terran
  • League: Master
  • Spawn Location: 11:00

MarineLorD

  • Race: Terran Terran
  • League: Master
  • Spawn Location: 5:00

Event: HomeStory Cup XX

VOD

Have the link to the VOD?

Description

Time

  • Played on: Nov. 22, 2019, 11:14 a.m.
  • Length: 13:54

All games in this series

Show
View Real Time Build Order
Export as new Build Order

Special Terran - Winner!

Build Orders: Gas First Reaper Expand, Mech 

Get SALT Encoding   

  12  0:00  SCV  
  13  0:12  SCV  
  14  0:17  Supply Depot  
  14  0:25  SCV  
  14  0:27  Refinery  
  15  0:39  SCV  
  16  0:45  Barracks  
  16  0:51  SCV  
  17  1:03  SCV  
  18  1:15  SCV  
  19  1:31  Orbital Command  
  19  1:32  Reaper  
  20  1:43  Command Center  
  20  1:54  Factory  
  20  1:58  SCV  
  21  2:06  Barracks Reactor  
  21  2:10  SCV  
  21  2:14  Supply Depot  
  22  2:17  Refinery  
  22  2:22  SCV  
  23  2:36  SCV  
  24  2:42  Starport  
  24  2:44  Marine x2  
  24  2:48  SCV  
  24  2:49  Widow Mine  
  29  2:56  Orbital Command  
  29  3:01  Marine, SCV  
  29  3:02  Marine  
  32  3:11  Factory Tech Lab  
  32  3:13  SCV  
  32  3:19  Marine x2  
  34  3:22  SCV  
  34  3:25  SCV  
  37  3:27  Refinery  
  37  3:34  SCV  
  37  3:35  Raven  
  37  3:37  SCV  
  37  3:38  Factory Tech Lab  
  37  3:39  Marine x2  
  43  3:42  Supply Depot  
  43  3:47  SCV  
  44  3:49  SCV  
  45  3:59  SCV  
  45  4:01  SCV  
  46  4:03  Cyclone  
  46  4:08  Command Center  
  49  4:13  SCV x2  
  49  4:16  Supply Depot  
  51  4:20  Raven  
  53  4:25  SCV  
  54  4:37  Marine x2, SCV x2  
  54  4:38  Supply Depot  
  58  4:39  Siege Tank  
  61  4:47  Supply Depot  
  61  4:50  SCV  
  62  4:59  Marine x2  
  65  5:00  SCV  
  65  5:01  Supply Depot  
  65  5:02  SCV  
  66  5:09  Supply Depot  
  66  5:12  SCV  
  66  5:14  SCV  
  68  5:18  Siege Tank  
  71  5:21  Orbital Command  
  71  5:24  SCV  
  71  5:26  Refinery, SCV  
  73  5:30  Marine, Viking  
  73  5:32  Supply Depot  
  73  5:33  Viking  
  78  5:36  SCV  
  78  5:38  SCV  
  80  5:48  SCV  
  81  5:50  SCV x2  
  83  5:59  Siege Tank  
  83  6:00  SCV  
  83  6:02  SCV x2  
  89  6:05  Viking  
  89  6:06  Viking  
  93  6:12  SCV  
  93  6:14  SCV  
  93  6:18  Barracks Reactor  
  95  6:20  Command Center  
  95  6:21  SCV  
  95  6:22  Factory  
  95  6:23  Factory, Supply Depot  
  95  6:24  SCV  
  95  6:25  Mag-Field Accelerator  
  97  6:27  SCV  
  98  6:33  SCV  
  98  6:35  Cyclone  
  98  6:36  SCV  
  98  6:39  Viking, SCV  
  104  6:42  Viking  
  104  6:45  SCV  
  104  6:46  Refinery  
  107  6:47  Refinery  
  107  6:48  Supply Depot, SCV  
  107  6:51  SCV  
  109  6:57  SCV  
  109  7:00  SCV  
  111  7:02  Factory  
  111  7:04  Factory, SCV  
  112  7:09  SCV, Cyclone  
  112  7:13  SCV  
  117  7:16  SCV  
  117  7:18  Hellion, Cyclone  
  117  7:19  Hellion  
  117  7:20  Viking  
  117  7:21  SCV  
  128  7:25  SCV  
  128  7:26  Viking  
  128  7:28  SCV  
  128  7:29  Refinery  
  132  7:32  Refinery  
  132  7:33  SCV  
  132  7:34  Orbital Command  
  133  7:37  SCV  
  133  7:40  SCV  
  133  7:41  Hellion x2  
  133  7:43  Cyclone  
  142  7:45  SCV  
  142  7:49  SCV  
  142  7:50  Cyclone  
  142  7:51  Factory Tech Lab  
  146  7:52  SCV  
  146  7:53  Factory Tech Lab  
  146  7:57  SCV  
  148  7:59  Supply Depot x2  
  148  8:01  Armory  
  148  8:03  Armory  
  148  8:04  SCV  
  148  8:10  Supply Depot  
  148  8:12  Engineering Bay  
  148  8:21  Hellion x2, Viking x2, SCV x2, Cyclone x2  
  164  8:32  Cyclone  
  164  8:33  Command Center  
  164  8:43  Hellion x2  
  166  8:50  Siege Tank  
  166  8:53  Siege Tank  
  166  8:54  Viking x2  
  165  8:58  Terran Ship Weapons Level 1, Terran Vehicle And Ship Armor Level 1  
  165  8:59  Starport  
  165  9:02  Starport  
  165  9:04  Hellion x2, Supply Depot  
  165  9:05  Supply Depot  
  165  9:07  Command Center  
  165  9:08  Infernal Pre-Igniter  
  169  9:13  Fusion Core  
  169  9:23  Siege Tank  
  172  9:26  Viking x2, Siege Tank  
  172  9:27  Supply Depot x2  
  176  9:48  Planetary Fortress  
  176  9:51  Starport Reactor  
  176  9:52  Starport Reactor  
  175  9:56  Viking  
  175  9:58  Hellion x2, Siege Tank x2  
  175  9:59  Siege Tank  
  184  10:07  Viking  
  182  10:15  Siege Tank  
  185  10:26  Viking  
  185  10:27  Orbital Command  
  187  10:28  Viking x4  
  198  10:37  Refinery, Viking  
  198  10:38  Refinery  
  200  10:44  Liberator  
  200  10:47  Advanced Ballistics  
  200  10:49  Command Center  
  199  10:52  Command Center  
  199  10:55  Terran Ship Weapons Level 2  
  199  10:56  Viking  
  193  10:57  Sensor Tower  
  193  10:58  Viking  
  193  11:02  Starport  
  195  11:10  Liberator x2  
  195  11:14  Terran Vehicle And Ship Armor Level 2  
  195  11:16  Missile Turret  
  195  11:24  Cyclone  
  199  11:40  Liberator x2  
  199  11:44  Cyclone  
  198  11:48  Liberator  
  193  11:55  Smart Servos  
  193  11:58  Liberator  
  198  12:07  Orbital Command  
  200  12:10  Liberator x2  
  193  12:36  Siege Tank x2  
  199  12:47  Orbital Command  
  199  12:49  Viking x2  
  177  12:56  SCV x3  
  173  13:00  Hellion x2  
  173  13:04  Siege Tank x2  
  175  13:07  Orbital Command x2, SCV  
  175  13:08  SCV x2, Cyclone  
  170  13:51  Starport Reactor  
Show
View Real Time Build Order
Export as new Build Order

MarineLorD Terran 

Build Orders: Gas First Reaper Expand, Mech 

Get SALT Encoding   

  12  0:00  SCV  
  13  0:12  SCV  
  14  0:16  Supply Depot  
  14  0:24  SCV  
  15  0:30  Refinery  
  15  0:38  SCV  
  16  0:43  Barracks  
  16  0:50  SCV  
  17  1:02  SCV  
  18  1:14  SCV  
  19  1:29  Orbital Command  
  19  1:30  Reaper  
  20  1:45  Command Center  
  20  1:55  SCV  
  20  1:58  Factory  
  21  2:07  Supply Depot  
  21  2:08  Barracks Reactor  
  21  2:11  SCV  
  22  2:17  Refinery  
  22  2:23  SCV  
  23  2:35  SCV  
  24  2:44  Starport  
  24  2:45  Marine x2  
  24  2:47  SCV  
  27  2:56  Orbital Command  
  27  2:59  SCV  
  27  3:01  Factory Tech Lab  
  27  3:03  Marine x2  
  30  3:11  SCV  
  31  3:13  Refinery  
  31  3:22  SCV  
  31  3:23  SCV  
  31  3:24  Marine x2, Factory Tech Lab  
  35  3:29  Raven  
  37  3:34  SCV  
  37  3:35  SCV  
  37  3:36  Supply Depot  
  39  3:42  Marine x2  
  39  3:47  SCV  
  42  3:49  Siege Tank, SCV  
  45  3:59  SCV  
  45  4:01  Marine x2  
  48  4:04  SCV  
  48  4:05  Supply Depot  
  49  4:11  SCV  
  49  4:12  Raven  
  49  4:16  SCV  
  53  4:20  Supply Depot  
  53  4:23  SCV  
  54  4:28  SCV  
  54  4:31  Supply Depot, Siege Tank  
  58  4:32  Marine x2  
  58  4:35  SCV  
  61  4:40  SCV  
  62  4:45  Supply Depot  
  62  4:47  SCV  
  62  4:53  SCV  
  62  4:56  Command Center  
  63  5:03  SCV  
  63  5:06  Viking x2  
  68  5:07  Siege Tank  
  68  5:08  Marine  
  68  5:12  SCV  
  70  5:15  SCV  
  70  5:22  Refinery  
  70  5:24  SCV  
  70  5:27  Marine, SCV  
  73  5:32  Supply Depot  
  73  5:36  SCV  
  73  5:39  Siege Tank, SCV  
  76  5:43  Viking x2  
  76  5:47  Marine  
  76  5:48  SCV  
  82  5:50  Supply Depot  
  82  5:51  SCV  
  83  6:00  Supply Depot, SCV  
  83  6:03  SCV  
  85  6:10  Orbital Command, Armory  
  85  6:12  Armory  
  85  6:13  SCV  
  85  6:17  SCV  
  87  6:19  Siege Tank  
  87  6:25  Viking x2  
  94  6:28  SCV  
  94  6:30  SCV  
  96  6:32  Refinery  
  96  6:33  Refinery  
  96  6:35  SCV  
  96  6:40  SCV  
  96  6:42  SCV  
  98  6:50  SCV  
  98  6:51  Command Center  
  98  6:52  SCV  
  100  6:58  Siege Tank  
  100  7:00  SCV  
  104  7:01  Terran Vehicle Weapons Level 1  
  104  7:02  SCV  
  104  7:03  Terran Vehicle And Ship Armor Level 1  
  104  7:04  SCV  
  106  7:12  Supply Depot, SCV  
  106  7:13  Supply Depot  
  107  7:16  SCV x2  
  109  7:23  Viking x2  
  109  7:27  Factory  
  113  7:32  Factory, Siege Tank  
  113  7:33  SCV  
  113  7:35  SCV  
  113  7:36  SCV  
  119  7:38  Barracks Reactor  
  119  7:45  SCV  
  119  7:47  SCV  
  119  7:48  SCV  
  122  7:57  Viking x2  
  122  7:58  SCV  
  127  7:59  SCV  
  127  8:00  SCV  
  127  8:02  Factory  
  127  8:03  Factory  
  129  8:09  Refinery  
  129  8:10  SCV  
  129  8:11  SCV  
  129  8:12  SCV  
  132  8:15  Siege Tank x2  
  132  8:17  Refinery  
  138  8:22  SCV  
  138  8:23  Orbital Command, SCV  
  138  8:26  Viking  
  142  8:27  Viking  
  142  8:34  Hellion x2  
  147  8:47  Siege Tank x2  
  143  8:55  Factory Tech Lab, Factory Reactor  
  143  8:56  Hellion x2, Viking  
  143  8:57  Viking, Terran Vehicle Weapons Level 2  
  143  8:59  Supply Depot, Terran Vehicle And Ship Armor Level 2  
  143  9:01  Supply Depot  
  151  9:04  SCV x3  
  151  9:08  Command Center  
  154  9:12  Engineering Bay  
  154  9:16  SCV x2  
  156  9:23  Siege Tank x3  
  165  9:27  Infernal Pre-Igniter  
  165  9:30  Viking x2  
  169  9:34  Supply Depot  
  169  9:35  Supply Depot  
  169  9:46  Hellbat x2  
  171  9:54  Command Center  
  171  9:55  Hellbat  
  166  10:00  Viking x2  
  166  10:05  Supply Depot  
  170  10:08  Supply Depot  
  170  10:12  Thor x2  
  174  10:24  Starport x2  
  174  10:25  Starport  
  174  10:34  Hellbat x4  
  184  10:36  Thor  
  188  10:47  Sensor Tower  
  187  10:55  Hellbat x2  
  191  10:57  Viking  
  191  10:58  Viking  
  191  11:02  Starport Tech Lab x3  
  191  11:03  Fusion Core  
  195  11:07  Missile Turret x2  
  195  11:18  Missile Turret  
  195  11:19  Missile Turret  
  195  11:24  Viking x2  
  189  11:34  Siege Tank x3  
  189  11:35  Hellbat  
  200  11:44  Viking  
  181  12:03  Hellbat x3  
  181  12:06  Siege Tank x3  
  196  12:10  Command Center  
  196  12:13  Command Center  
  196  12:15  Command Center  
  196  12:20  Viking x2  
  196  12:21  Raven  
  196  12:38  Thor  
  195  12:46  Siege Tank x2  
  161  12:52  Viking x4  
  161  12:55  Hellion x4  
  165  13:04  Viking  
  167  13:11  Planetary Fortress  
  167  13:13  SCV x3  
  167  13:16  Hellion  
  182  13:22  Viking  
Tags
 
Add a new tag
Caveats
  • Supply blocks, unpowered buildings, or Contaminate may cause inaccurate times.
  • Supply counts are checked every 10 seconds.